 Dungeon Crawl Stone Soup version 0.22-a0-348-gd16d139 (webtiles) character file.

179 Serpenta the Scratcher (level 5, 0/25 HPs)
             Began as a Felid Chaos Knight on Apr 8, 2018.
             Succumbed to an adder's poison
             ... on level 4 of the Dungeon.
             The game lasted 00:11:34 (5736 turns).

Serpenta the Scratcher (Felid Chaos Knight)         Turns: 5736, Time: 00:11:35

Health: 0/25       AC:  1    Str:  8    XL:     5   Next: 33%
Magic:  7/7        EV: 19    Int: 13    God:    Xom [....*.]
Gold:   56         SH:  0    Dex: 17    Spells: 4/4 levels left
                                        Lives:  0   Deaths: 1

rFire    . . .     SeeInvis +     - Unarmed
rCold    . . .     Gourm    .   (shield unavailable)
rNeg     . . .     Faith    .   (armour unavailable)
rPois    .         Spirit   .   (helmet unavailable)
rElec    .         Reflect  .   (cloak unavailable)
rCorr    .         Harm     .   (gloves unavailable)
MR       .....                  (boots unavailable)
Stlth    ++........             (no amulet)
HPRegen  0.08/turn              (no ring)
MPRegen  0.10/turn              (no ring)

@: lethally poisoned (0 -> -12), heavily drained, quick
A: very small, no armour, no weapons or thrown items, stealth, claws 1, fangs 3,
see invisible, carnivore, speed 1, shaggy fur 1, slow metabolism 1, sharp paws
a: Renounce Religion


You were on level 4 of the Dungeon.
You worshipped Xom.
You were a beloved toy of Xom.
You were very full.

You visited 1 branch of the dungeon, and saw 5 of its levels.

You collected 56 gold pieces.


Innate Abilities, Weirdness & Mutations

You cannot wear armour.
You are incapable of wielding weapons or throwing items.
Your paws allow you to move quietly. (Stealth)
You have sharp claws.
You have razor-sharp teeth.
You have supernaturally acute eyesight. (SInv)
You are carnivorous and can eat meat at any time.
You cover ground quickly.
You are covered in fur. (AC +1)
You have a slow metabolism.
Your sharp claws are effective at attacking unaware monsters.


   Skills:
 - Level 4.0(2.7) Fighting
 - Level 4.7(3.4) Dodging
 + Level 5.3(4.0) Unarmed Combat
 + Level 1.6(0.4) Evocations


You had 4 spell levels left.
You didn't know any spells.

Action                   |  1- 3 |  4- 6 || total
-------------------------+-------+-------++-------
Melee: Unarmed           |   174 |   135 ||   309
       Bite              |    12 |    13 ||    25
       Punch             |     1 |       ||     1
Evoke: Lightning rod     |       |     4 ||     4
  Use: Scroll            |     5 |     1 ||     6
       Potion            |       |     3 ||     3
 Stab: Sleeping          |     4 |     2 ||     6
       Distracted        |     1 |       ||     1
       Invisible         |       |     2 ||     2
  Eat: Chunk             |    10 |    11 ||    21
Armor: Skin              |    18 |       ||    18
Dodge: Dodged            |   135 |   108 ||   243

Inventory:

Scrolls
 c - a scroll of remove curse
 e - a scroll of identify
 f - a scroll of teleportation {unknown}
 i - a scroll of fog {unknown}
 k - a scroll of enchant weapon {unknown}
Potions
 b - a potion of haste
 g - a potion of cancellation
 h - a potion of heal wounds
 j - a potion of lignification
Miscellaneous
 d - a lightning rod (1/4) {god gift}
Comestibles
 a - 3 rations

## ... ####+####### #.
..(#+### #..........# #.
.......######..........# .##
................@..[...######
..#
.....[........##+#..........#
#.# #........##+#..........#
#.# #######................#
#.# #................###..
#...So....!......."...
#................####.
#............[........
#####.###############.


There were no monsters in sight!

Vanquished Creatures
  A jelly (D:5)
  Jessica (D:3)
  An orc wizard (D:3)
  3 adders
  6 gnolls
  An ooze (D:3)
  An adder skeleton (D:4)
  2 worms (D:2)
  A dart slug (D:2)
  3 leopard geckos
  7 orcs
  3 giant cockroaches
  9 goblins
  7 hobgoblins
  13 jackals
  8 kobolds
  A ball python (D:3)
  9 bats
  4 frilled lizards
  13 rats
94 creatures vanquished.

Vanquished Creatures (others)
  A human (D:2)
1 creature vanquished.

Grand Total: 95 creatures vanquished

Vault maps used:
D:1:      dpeg_arrival_simpleton_b, minmay_misc_feat_diagonals
D:2:      tgw_kikubaaqudgha
D:3:      lemuel_castle_with_subvaults, minmay_statues_item,
          minmay_splitting_lines, uniq_jessica, uniq_ijyb
D:4:      okawaru_gym_becter, kennysheep_mini
D:5:      tgw_sif, grunt_qazlal_sundering, nemelex_altar_shiori,
          overflow_temple_1_default, nicolae_tso_carved_into_rock, first_ration,
          basic_altar


Message History

You miss the adder.
The adder is heavily wounded.
* * * LOW HITPOINT WARNING * * *
You feel sick. The adder misses you.
You closely miss the adder.
The adder is heavily wounded.
The adder bites you.
* * * LOW HITPOINT WARNING * * *
The adder bites you.
* * * LOW HITPOINT WARNING * * *
You are more poisoned.
The adder poisons you!
You miss the adder.
The adder is heavily wounded.
* * * LOW HITPOINT WARNING * * *
You feel sick. The adder completely misses you.
You scratch the adder.
You kill the adder!
You die...
Xom is highly amused!

Notes
Turn   | Place    | Note
-------+----------+-------------------------------------------
     0 | D:1      | Serpenta the Felid Chaos Knight began the quest for the Orb.
     0 | D:1      | Reached XP level 1. HP: 10/10 MP: 2/2
   116 | D:1      | XOM: harmless Fire miscast
   282 | D:1      | Reached XP level 2. HP: 14/14 MP: 3/3
   382 | D:1      | XOM: divination: detect creatures
   832 | D:1      | XOM: harmless Chrm miscast
   886 | D:1      | XOM: harmless Conj miscast
  1014 | D:2      | Reached XP level 3. HP: 17/17 MP: 4/4
  1043 | D:2      | XOM: confuse monster(s)
  1199 | D:2      | XOM: harmless Chrm miscast
  1286 | D:2      | XOM: divination: detect creatures
  1317 | D:2      | XOM: cloud trail
  1490 | D:2      | Found an ancient bone altar of Kikubaaqudgha.
  1493 | D:2      | Noticed a human
  1495 | D:2      | Killed a human
  1803 | D:2      | XOM: butterfly on damage
  1902 | D:2      | XOM: harmless Summ miscast
  1997 | D:2      | Reached skill level 4 in Unarmed Combat
  2206 | D:2      | XOM: silly message
  2313 | D:2      | XOM: divination: detect creatures
  2808 | D:3      | Reached XP level 4. HP: 21/21 MP: 5/5
  2830 | D:3      | XOM: divination: magic mapping
  3004 | D:3      | XOM: smoke on damage
  3013 | D:3      | XOM: confuse monster(s)
  3217 | D:3      | Noticed Jessica
  3220 | D:3      | XOM: enchant monster (good)
  3241 | D:3      | XOM: noise
  3415 | D:3      | XOM: harmless Fire miscast
  3433 | D:3      | Killed Jessica
  4147 | D:3      | XOM: enchant monster (bad)
  4193 | D:3      | Reached XP level 5. HP: 22/25 MP: 6/6
  4374 | D:3      | XOM is BORED!
  4433 | D:3      | XOM: harmless Pois miscast
  4450 | D:3      | XOM: 1-stop teleportation journey
  4597 | D:3      | XOM: scenery: create altars
  4725 | D:3      | Reached skill level 5 in Unarmed Combat
  4727 | D:3      | Slain by an orc priest
  4728 | D:3      | Reached XP level 4. HP: 0/33 MP: 5/5
  4760 | D:4      | XOM: god gift: lightning rod (4/4) {god gift}
  5080 | D:4      | Found an iron altar of Okawaru.
  5148 | D:4      | XOM: cleaving
  5185 | D:5      | Entered Level 5 of the Dungeon
  5198 | D:5      | XOM: confuse monster(s)
  5355 | D:5      | Found an iron altar of Okawaru.
  5365 | D:5      | Noticed an ogre
  5457 | D:5      | XOM: enchant monster (good)
  5479 | D:5      | Reached skill level 1 in Evocations
  5479 | D:5      | Reached XP level 5. HP: 25/25 MP: 6/6
  5518 | D:5      | Found a glowing golden altar of the Shining One.
  5540 | D:5      | Noticed a sky beast
  5704 | D:3      | XOM: butterfly on damage
  5723 | D:4      | XOM: 5-stop teleportation journey
  5735 | D:4      | HP: 1/25 [poisoned by an adder]
  5736 | D:4      | Succumbed to an adder's poison
